 Dungeon Crawl Stone Soup version 0.22-a0-782-g038298e (webtiles) character file.

9829 Mgcat the Severer (level 11, -6/86 HPs)
             Began as a Yellow Draconian Berserker on July 19, 2018.
             Was an Elder of Trog.
             Mangled by a skeletal warrior
             ... wielding a +0 war axe
              (26 damage)
             ... on level 11 of the Dungeon on July 20, 2018.
             The game lasted 00:25:16 (8437 turns).

Mgcat the Severer (Yellow Draconian Berserker)      Turns: 8437, Time: 00:25:17

Health: -6/86      AC: 10    Str: 28    XL:     11   Next: 28%
Magic:  11/11      EV: 14    Int:  7    God:    Trog [****..]
Gold:   316        SH:  0    Dex: 11    Spells: 10/10 levels left

rFire    . . .     SeeInvis .   r - +1 war axe
rCold    . . .     Gourm    .   (no shield)
rNeg     . . .     Faith    .   (armour unavailable)
rPois    .         Spirit   .   (helmet restricted)
rElec    .         Reflect  .   (no cloak)
rCorr    +         Harm     .   p - +2 pair of gloves
MR       .....                  (no boots)
Stlth    +.........             (no amulet)
HPRegen  0.24/turn              o - +2 ring of strength
MPRegen  0.12/turn              q - +3 ring of strength

@: about to teleport, short of breath, berserk cooldown, slowed, drained, very
slow
A: spit acid, acid resistance, unfitting armour, cold-blooded, AC +7
a: Breathe Acid, Berserk, Trog's Hand, Brothers in Arms, Renounce Religion


You were on level 11 of the Dungeon.
You worshipped Trog.
Trog was greatly pleased with you.
You were very hungry.

You visited 1 branch of the dungeon, and saw 11 of its levels.

You collected 406 gold pieces.
You spent 90 gold pieces at shops.

Inventory:

Hand Weapons
 r - a +1 war axe (weapon)
   (You found it on level 5 of the Dungeon)
Missiles
 v - 4 tomahawks (quivered)
Armour
 p - a +2 pair of gloves (worn)
   (You found it on level 5 of the Dungeon)
Jewellery
 h - an uncursed ring of flight {+Fly, !d}
   (You found it on level 9 of the Dungeon)
 k - an uncursed ring of protection from cold {rC+, !d}
   (You found it on level 7 of the Dungeon)
 o - a +2 ring of strength (left hand)
   (You found it on level 8 of the Dungeon)
 q - a +3 ring of strength (right hand)
   (You found it on level 5 of the Dungeon)
Wands
 a - a wand of acid (5)
   (You found it on level 9 of the Dungeon)
 t - a wand of flame (23)
   (You found it on level 5 of the Dungeon)
Scrolls
 d - 4 scrolls of teleportation
 e - a scroll of magic mapping {!r}
 j - 2 scrolls of immolation {!r}
 m - 2 scrolls of remove curse
 w - a scroll of fog {unknown}
Potions
 c - 2 potions of flight {unknown}
 f - 3 potions of curing {unknown}
 g - 2 potions of degeneration {!q}
 i - 3 potions of heal wounds
 l - a potion of brilliance {unknown}
 n - 2 potions of resistance {unknown}
 s - 2 potions of mutation {unknown}
 u - 2 potions of lignification {!q}
 z - a potion of ambrosia {unknown}
Comestibles
 b - 17 rations
 x - 9 chunks of flesh {@w0}


   Skills:
 - Level 5.0(4.7) Fighting
 + Level 15.7(15.3) Axes
 - Level 3.0(2.6) Throwing
 - Level 5.0(4.6) Dodging


You had 10 spell levels left.
You didn't know any spells.
Your spell library contained the following spells:

 Spells                   Type           Power        Failure   Level  Hunger
 Apportation              Tloc           #.....       43%         1    ##.....
 Confuse                  Hex            #.......     80%         3    ####...
 Summon Small Mammal      Summ           #...         43%         1    ##.....
 Animate Skeleton         Necr           N/A          43%         1    ##.....
 Tukima's Dance           Hex            #.......     80%         3    ####...
 Confusing Touch          Hex            #.....       43%         1    ##.....
 Ensorcelled Hibernation  Hex/Ice        #.....       56%         2    ###....
 Corona                   Hex            #......      43%         1    ##.....
 Dazzling Spray           Conj/Hex       #.....       80%         3    ####...


Dungeon Overview and Level Annotations

Branches:
Dungeon (11/15)            Temple (0/1) D:5            Lair (0/6) D:11
    Orc: D:9-12

Altars:
Ashenzari
Dithmenos
Fedhas
Hepliaklqana
Makhleb
Nemelex Xobeh
Okawaru
Ru
Sif Muna
Trog
Vehumet
Wu Jian
Zin
The Shining One

Shops:
D:6 **

Annotations:
D:5 2 transporters


Innate Abilities, Weirdness & Mutations

You can spit globs of acid.
You are resistant to acid.
Your golden yellow scales are hard. (AC +7)
You cannot fit into any form of body armour.
You are cold-blooded and may be slowed by cold attacks.


Message History

A wraith comes into view.
You barely miss the wraith. You closely miss the wraith.
A centaur warrior zombie comes into view.
You slash the wraith!
The wraith is heavily damaged.
You barely miss the wraith.
Your tail-slap misses the wraith.
The wraith is heavily damaged.
A skeletal warrior comes into view. It is wielding a battleaxe.
You slash the wraith!
The wraith is almost destroyed.
You slash the bullfrog skeleton!
You destroy the bullfrog skeleton!
Trog accepts your kill.
A wraith comes into view.
The wraith closely misses you.
A wight comes into view.
It is wielding an enchanted morningstar.
You slash the wraith!
You destroy the wraith!
Trog accepts your kill.
A centaur warrior skeleton comes into view.
You slash the centaur skeleton! You tail-slap the centaur skeleton!
The centaur skeleton is almost destroyed.
You slash the centaur skeleton!
You destroy the centaur skeleton!
Trog accepts your kill.
A bullfrog zombie comes into view.
You closely miss the wight. You tail-slap the wight.
The wight is moderately damaged.
A wight comes into view. It is wielding a war axe.
A worker ant zombie comes into view.
You hit the wight.
The wight is severely damaged.
You are no longer berserk.
Trog's vigour flows through your veins.
You are exhausted.
You feel yourself slow down. The wight misses you.
You slice the wight!!
You destroy the wight!
Trog accepts your kill.
You hit the worker ant zombie. The worker ant zombie bites you.
Okay, then.
Unknown command.
Unknown command.
The wraith barely misses you.
The worker ant zombie bites you but does no damage.
The wraith barely misses you.
You closely miss the wraith. The wraith barely misses you.
You slash the wraith!
Your tail-slap misses the wraith.
The wraith is moderately damaged.
The wraith barely misses you.
You slice the wraith!!
You destroy the wraith!
Trog accepts your kill.
You hit the skeletal warrior but do no damage.
Okay, then.
Unknown command.
Okay, then.
Unknown command.
Unknown command.
You hit the skeletal warrior.
Your tail-slap misses the skeletal warrior.
The skeletal warrior is lightly damaged.
The skeletal warrior hits you but does no damage.
Press: ? - help, Shift-Dir - straight line, f - skeletal warrior
Aim: a skeletal warrior, wielding a war axe (lightly damaged)
You spit a glob of acid.
The glob of acid hits the skeletal warrior.
The skeletal warrior appears unharmed.
The skeletal warrior is lightly damaged.
The skeletal warrior is splashed with acid.
The acid corrodes the skeletal warrior!
You are feeling very hungry.
The skeletal warrior hits you with a war axe.
You slash the skeletal warrior!
The skeletal warrior is moderately damaged.
The skeletal warrior barely misses you.
You slash the skeletal warrior!
The skeletal warrior is severely damaged.
The skeletal warrior hits you with a war axe!!
You completely miss the skeletal warrior.
The skeletal warrior is severely damaged.
You slash the skeletal warrior!
The skeletal warrior is almost destroyed.
The skeletal warrior hits you with a war axe!!
* * * LOW HITPOINT WARNING * * *
You feel much better.
The wight hits you with an enchanted morningstar!
You feel drained.
The skeletal warrior hits you with a war axe.
Unknown command.
Unknown command.
Unknown command.
The skeletal warrior hits you with a war axe!
* * * LOW HITPOINT WARNING * * *
As you read the scroll of teleportation, it crumbles to dust.
You feel strangely unstable.
The skeletal warrior is no longer covered in acid.
The skeletal warrior hits you with a war axe!!
You die...

########## ........>#
####.###.#
###.###.#############
##...........)))@zz..#
...#.##.##########z#.#
...#.##........ZZ..#
..##.........z)WzZW#
..##..######.z######
......# #z. ......#
#.Z .##...#


.zz ......# ##zZ You could see 2 skeletal warriors and a wight.

Vanquished Creatures
  4 two-headed ogres
  3 trolls
  3 flying skulls (D:11)
  8 yaks (D:9)
  2 wraiths (D:11)
  A hungry ghost (D:10)
  A soldier ant (D:10)
  An acid dragon (D:11)
  3 sky beasts
  An orc warrior (D:8)
  An ice beast (D:7)
  2 necrophages
  A black bear (D:6)
  2 phantoms
  3 ogres
  2 wolves (D:11)
  2 centaurs
  2 crocodiles (D:10)
  2 big kobolds
  7 bullfrogs
  A wyvern zombie (D:10)
  A scorpion (D:4)
  15 killer bees
  2 wights (D:11)
  2 electric eels (D:11)
  3 crimson imps
  6 hounds
  3 jellies
  2 orc priests
  A bullfrog zombie (D:7)
  5 bullfrog skeletons
  5 centaur skeletons
  An iguana (D:9)
  7 worker ants
  5 orc wizards
  A howler monkey zombie (D:11)
  A worker ant zombie (D:5)
  A howler monkey skeleton (D:9)
  5 adders
  2 adder zombies (D:5)
  An adder skeleton (D:7)
  3 worms
  A dart slug (D:2)
  4 leopard geckos
  23 orcs
  2 giant cockroaches
  6 goblins
  7 hobgoblins
  17 jackals
  7 quokkas
  3 ball pythons
  9 bats
  3 frilled lizards
  9 kobolds
  2 leopard gecko skeletons
  A quokka skeleton (D:6)
  5 rats
223 creatures vanquished.

Vanquished Creatures (others)
  2 fungi (D:2)
2 creatures vanquished.

Grand Total: 225 creatures vanquished

Notes
Turn   | Place    | Note
-------+----------+-------------------------------------------
     0 | D:1      | Mgcat the Draconian Berserker began the quest for the Orb.
     0 | D:1      | Reached XP level 1. HP: 19/19 MP: 1/1
   113 | D:1      | Reached XP level 2. HP: 20/26 MP: 2/2
   304 | D:1      | You fall through a shaft!
   316 | D:2      | Reached skill level 3 in Dodging
   331 | D:2      | Found a blossoming altar of Fedhas.
   352 | D:2      | Reached XP level 3. HP: 33/33 MP: 3/3
   423 | D:2      | Reached ** piety under Trog
  1011 | D:2      | Found a shattered altar of Ashenzari.
  1171 | D:2      | Reached skill level 4 in Fighting
  1538 | D:3      | Reached XP level 4. HP: 24/40 MP: 4/4
  1833 | D:3      | Reached skill level 4 in Axes
  2196 | D:4      | Reached XP level 5. HP: 41/47 MP: 5/5
  2289 | D:4      | Noticed a centaur
  2296 | D:4      | Killed a centaur
  2296 | D:4      | Reached skill level 4 in Dodging
  2379 | D:4      | Reached skill level 5 in Fighting
  2381 | D:4      | Reached XP level 6. HP: 42/56 MP: 6/6
  2387 | D:4      | Reached *** piety under Trog
  2653 | D:4      | Reached skill level 5 in Axes
  2864 | D:4      | Found a deep blue altar of Sif Muna.
  3013 | D:5      | Entered Level 5 of the Dungeon
  3017 | D:5      | Found a staircase to the Ecumenical Temple.
  3028 | D:5      | Your scales start taking on a golden yellow colour.
  3028 | D:5      | Reached XP level 7. HP: 61/61 MP: 7/7
  3098 | D:5      | Reached skill level 5 in Dodging
  3149 | D:5      | Found a transporter.
  3291 | D:5      | Reached skill level 6 in Axes
  3422 | D:5      | Found a bloodstained altar of Trog.
  3642 | D:5      | Reached skill level 7 in Axes
  3865 | D:5      | Found a transporter.
  3952 | D:6      | Reached skill level 1 in Throwing
  3955 | D:6      | Found Todeolu's General Store.
  3965 | D:6      | Bought a scroll of enchant weapon for 90 gold pieces
  4005 | D:6      | Reached XP level 8. HP: 68/68 MP: 8/8
  4094 | D:6      | Found Zin's Purification Station.
  4096 | D:6      | Found a glowing silver altar of Zin.
  4200 | D:6      | Found a bloodstained altar of Trog.
  4313 | D:6      | Found a radiant altar of Vehumet.
  4546 | D:7      | Reached **** piety under Trog
  4546 | D:7      | Reached skill level 2 in Throwing
  4559 | D:7      | Reached skill level 8 in Axes
  4576 | D:7      | Reached skill level 3 in Throwing
  4875 | D:7      | Found a hazy altar of Hepliaklqana.
  5020 | D:7      | Found a glowing golden altar of the Shining One.
  5023 | D:7      | Found an ornate altar of the Wu Jian Council.
  5023 | D:7      | Found a shadowy altar of Dithmenos.
  5028 | D:7      | Found an iron altar of Okawaru.
  5162 | D:7      | Reached skill level 9 in Axes
  5210 | D:7      | Found a sacrificial altar of Ru.
  5279 | D:8      | Noticed a two-headed ogre
  5289 | D:8      | Killed a two-headed ogre
  5289 | D:8      | Reached skill level 10 in Axes
  5289 | D:8      | Reached XP level 9. HP: 68/71 MP: 9/9
  5595 | D:8      | Found a burning altar of Makhleb.
  5643 | D:8      | Found a sparkling altar of Nemelex Xobeh.
  5675 | D:8      | Reached skill level 11 in Axes
  6084 | D:9      | Reached skill level 12 in Axes
  6326 | D:9      | HP: 22/106 [yak (7)]
  6328 | D:9      | Reached XP level 10. HP: 18/78 MP: 10/10
  6551 | D:10     | Entered Level 10 of the Dungeon
  6565 | D:10     | Reached skill level 13 in Axes
  6733 | D:10     | Noticed a two-headed ogre
  6741 | D:10     | Killed a two-headed ogre
  6953 | D:10     | Noticed a two-headed ogre
  6963 | D:10     | Killed a two-headed ogre
  6963 | D:10     | Reached ***** piety under Trog
  6963 | D:10     | Reached skill level 14 in Axes
  7198 | D:10     | Received a gift from Trog
  7574 | D:11     | Noticed a two-headed ogre
  7582 | D:11     | Killed a two-headed ogre
  7582 | D:11     | Reached skill level 15 in Axes
  7582 | D:11     | Reached XP level 11. HP: 46/83 MP: 11/11
  8126 | D:11     | Found a staircase to the Lair.
  8402 | D:11     | Noticed a skeletal warrior
  8412 | D:11     | Noticed a skeletal warrior
  8436 | D:11     | HP: 20/86 [skeletal warrior/war axe (16)]
  8437 | D:11     | Mangled by a skeletal warrior

Vault maps used:
D:1:      evilmike_arrival_grusome_pit
D:2:      evilmike_ruin_ashenzari, first_ration, fedhas_altar_3
D:4:      kennysheep_little_box, nrook_loot_triangle
D:5:      gammafunk_steamed_eel, lemuel_crystal_altar,
          minmay_temple_entry_large_hall
D:6:      lemuel_coloured_pillars_altar, zin_purify, serial_shops,
          shop_fountains, trog_book
D:7:      marbit_many_paths, chequers_temple_overflow_statue_of_worship,
          basic_altar
D:8:      kennysheep_mini, makhleb_grotto_becter
D:11:     hangedman_screamer, erik_lair_island

Skill      XL: |  1  2  3  4  5  6  7  8  9 10 |
---------------+-------------------------------+-----
Dodging        | 3 4 5 |  5.0
Fighting       | 4 5 |  5.0
Axes           | 4 5 7 10 12 15 | 15.7
Throwing       | 1 3 |  3.0

Action                   |  1- 3 |  4- 6 |  7- 9 | 10-12 || total
-------------------------+-------+-------+-------+-------++-------
Melee: Hand axe          |    89 |    98 |   267 |       ||   454
       Tailslap          |    12 |    17 |    45 |    27 ||   101
       War axe           |       |       |    43 |   252 ||   295
Invok: Berserk           |     3 |     2 |     9 |     8 ||    22
       Trog's Hand       |       |       |     1 |     7 ||     8
 Abil: Breathe Acid      |       |       |     7 |     7 ||    14
Evoke: Wand              |       |       |     1 |     7 ||     8
  Use: Scroll            |       |       |    12 |     2 ||    14
       Potion            |       |       |       |     1 ||     1
 Stab: Sleeping          |     1 |       |     1 |       ||     2
  Eat: Chunk             |     4 |     6 |    14 |    19 ||    43
       Ration            |       |       |     2 |       ||     2
Armor: Skin              |    30 |    27 |    69 |    53 ||   179
Dodge: Dodged            |    66 |    61 |   199 |   159 ||   485

Table legend:
 A = Spawn XP
 B = Non-spawn XP
 C = Spawn XP percentage of total XP
 D = Spawn monster count
 E = Non-spawn monster count
 F = Spawn count percentage of total count
 G = Total turns spent on level
                    A         B        C        D         E        F      G
               +---------+---------+-------+---------+---------+-------+---------
         Total |       0 |   14042 |   0.0 |       0 |     223 |   0.0 |  8437
               +---------+---------+-------+---------+---------+-------+---------
           D:1 |       0 |      24 |   0.0 |       0 |      14 |   0.0 |   579
           D:2 |       0 |      60 |   0.0 |       0 |      18 |   0.0 |   929
           D:3 |       0 |      95 |   0.0 |       0 |      25 |   0.0 |   662
           D:4 |       0 |     429 |   0.0 |       0 |      13 |   0.0 |   933
           D:5 |       0 |     643 |   0.0 |       0 |      26 |   0.0 |   896
           D:6 |       0 |     303 |   0.0 |       0 |       7 |   0.0 |   564
           D:7 |       0 |     769 |   0.0 |       0 |      14 |   0.0 |   914
           D:8 |       0 |    1393 |   0.0 |       0 |      16 |   0.0 |   489
           D:9 |       0 |    2292 |   0.0 |       0 |      17 |   0.0 |   624
          D:10 |       0 |    4222 |   0.0 |       0 |      35 |   0.0 |  1096
          D:11 |       0 |    3812 |   0.0 |       0 |      38 |   0.0 |   751
               +---------+---------+-------+---------+---------+-------+---------

Vault maps used:
D:1:      evilmike_arrival_grusome_pit
D:2:      evilmike_ruin_ashenzari, first_ration, fedhas_altar_3
D:4:      kennysheep_little_box, nrook_loot_triangle
D:5:      gammafunk_steamed_eel, lemuel_crystal_altar,
          minmay_temple_entry_large_hall
D:6:      lemuel_coloured_pillars_altar, zin_purify, serial_shops,
          shop_fountains, trog_book
D:7:      marbit_many_paths, chequers_temple_overflow_statue_of_worship,
          basic_altar
D:8:      kennysheep_mini, makhleb_grotto_becter
D:11:     hangedman_screamer, erik_lair_island

Table legend:
 A = Turns spent in this place as a percentage of turns spent in the entire game.
 B = Non-inter-level travel turns spent in this place as a percentage of non-inter-level travel turns spent in the entire game.
 C = Inter-level travel turns spent in this place as a percentage of turns spent in this place.
 D = Turns resting spent in this place as a percentage of non-inter-level travel turns spent in this place.
 E = Turns spent auto-exploring this place as a percentage of non-inter-level travel turns spent in this place.
 F = Non-inter-level travel turns spent in this place divided by the number of levels of this place that you've seen.
                   A       B       C       D       E      F
               +-------+-------+-------+-------+-------+----------------------
         Total | 100.0 | 100.0 |   7.2 |  14.7 |  64.4 | 712.1
       Dungeon | 100.0 | 100.0 |   7.2 |  14.7 |  64.4 | 712.1
               +-------+-------+-------+-------+-------+----------------------

Table legend:
 A = Kills in this place as a percentage of kills in entire the game.
 B = Kills by you in this place as a percentage of kills by you in the entire game.
 C = Kills by friends in this place as a percentage of kills by friends in the entire game.
 D = Other kills in this place as a percentage of other kills in the entire game.
 E = Experience gained in this place as a percentage of experience gained in the entire game.
 F = Experience gained in this place divided by the number of levels of this place that you have seen.
                   A       B       C       D       E      F
               +-------+-------+-------+-------+-------+----------------------
         Total | 100.0 | 100.0 |   N/A |   N/A | 100.0 | 1276.5
       Dungeon | 100.0 | 100.0 |   N/A |   N/A | 100.0 | 1276.5
               +-------+-------+-------+-------+-------+----------------------
